 Dungeon Crawl Stone Soup version 0.31.0-11-ge490571c62 (webtiles) character file.

Game seed: 12853551480652267287

1754 H0rd4k the Fighter (level 9, -1/74 HPs)
             Began as a Human Artificer on Feb 7, 2024.
             Was an Initiate of Gozag.
             Slain by Grinder (3 damage)
             ... in a sewer.
             The game lasted 00:07:47 (6904 turns).

H0rd4k the Fighter (Human Artificer)                Turns: 6904, Time: 00:07:47

Health: -1/74      AC:  5    Str: 12    XL:     9   Next: 6%
Magic:  9/9        EV: 11    Int: 22    God:    Gozag
Gold:   804        SH:  0    Dex: 14    Spells: 8/8 levels left

rFire   . . .        l - +4 short sword (drain)
rCold   . . .        (no shield)
rNeg    . . .        b - +0 leather armour
rPois   +            (no helmet)
rElec   .            (no cloak)
rCorr   .            f - +1 pair of gloves
SInv    .            (no boots)
Will    .....        (no amulet)
Stlth   +            u - ring of poison resistance
HPRegen 0.32/turn    k - +6 ring of intelligence
MPRegen 0.11/turn

%: no passive effects
@: no status effects
A: explore regen
a: Renounce Religion, Potion Petition, Call Merchant, Bribe Branch


You were in a sewer.
You worshipped Gozag.
Gozag was pleased with you.
You visited 1 branch of the dungeon, and saw 6 of its levels.
You also visited: Sewer.

You collected 999 gold pieces.
You spent 131 gold pieces at shops.
You paid 64 gold pieces to Gozag.

Inventory:

Hand Weapons
 a - a +0 club
 l - a +4 short sword of draining (weapon)
 r - a +1 dagger of venom
Missiles
 x - 13 poisoned darts
 y - a curare-tipped dart
Armour
 b - a +0 leather armour (worn)
 f - a +1 pair of gloves (worn)
 w - an orb of guile
Jewellery
 k - a +6 ring of intelligence (right hand)
 o - a ring of magical power
 u - a ring of poison resistance (left hand)
Wands
 c - a wand of flame (29) (quivered)
 d - a wand of charming (14)
 e - a wand of iceblast (1)
 s - a wand of roots (11)
Scrolls
 g - a scroll of teleportation
 i - 2 scrolls of fear
 p - a scroll of torment
 z - a scroll of revelation {unknown}
Potions
 h - 2 potions of curing
 j - 5 potions of heal wounds {unknown}
 m - a potion of mutation {unknown}
 n - a potion of degeneration {unknown}
 q - a potion of ambrosia {unknown}
 t - 2 potions of brilliance {unknown}
 v - a potion of might


   Skills:
 + Level 8.0 Fighting
 + Level 7.9 Short Blades
 - Level 2.0 Armour
 - Level 1.0 Dodging
 - Level 1.0 Stealth
 - Level 3.0 Evocations


You had 8 spell levels left.
You didn't know any spells.
Your spell library contained the following spells:

 Spells                   Type           Power      Damage    Failure   Level
 Fugue of the Fallen      Necr           0%         N/A       54%         3
 Ozocubu's Armour         Ice            0%         N/A       54%         3
 Manifold Assault         Tloc           0%         N/A       91%         4
 Malign Gateway           Summ/Tloc      0%         N/A       100%        7
 Summon Horrible Things   Summ           0%         N/A       100%        8


Dungeon Overview and Level Annotations

Branches:
Dungeon (6/15)             Temple (0/1) D:6           Sewer (1/1)

Altars:
Elyvilon
Fedhas
Gozag
Makhleb
Ru
The Shining One

Shops:
D:5 ?!(

Annotations:
D:2 Robin Sewer Grinder


Innate Abilities, Weirdness & Mutations

You regain HP and MP as you explore.


Message History

Grinder hits you.
You writhe in agony.
You puncture Grinder!
Grinder is severely wounded.
You completely miss Grinder.
Grinder is severely wounded.
Grinder gestures at you.
You struggle to resist.
You hit Grinder.
Grinder is severely wounded.
You barely miss Grinder. You punch Grinder.
Grinder is severely wounded.
Grinder gestures at you.
You suddenly lose the ability to move!
Grinder hits you!
You writhe in agony.
Grinder hits you.
* * * LOW HITPOINT WARNING * * *
You writhe in agony.
* * * LOW HITPOINT WARNING * * *
Grinder gestures at you. You resist with some effort. Grinder hits you!
* * * LOW HITPOINT WARNING * * *
You writhe in agony.
* * * LOW HITPOINT WARNING * * *
You can move again.
You barely miss Grinder.
Grinder is severely wounded.
Grinder hits you but does no damage.
Unknown command.
Aiming: Throw Flame
Press: ? - help, Shift-Dir - straight line, f - Grinder
Aim: Grinder (severely wounded, 68% to hit)
The puff of flame hits Grinder.
Grinder is almost dead.
Grinder hits you!
* * * LOW HITPOINT WARNING * * *
You writhe in agony.
You die...
Grinder sighs, "Dead already?
I want a refund."
Your body crumbles into a pile of gold.

.'.~≈##≈...~#
.#.~≈##~...~#
.#..≈##~...≈#
.#.~~##≈...≈#
.#.~≈###'''##
.#.~≈##.....#########
###.###..⌠...#≈~≈≈≈≈##
≈#...#.....⌠.'...5..!###
≈~...))⌠._...'.$@$..[$∩#
≈#...#.....⌠.'......?###
###.###..⌠...#≈≈≈~≈≈##
.#.~~##.....#########
.#.~≈###'''##
.#.~≈##~...≈#
.#.~≈##~...~#
.#)~≈##~...≈#
.))~≈##~...≈#


You could see Grinder.

Vanquished Creatures
  A steam dragon (D:6)
  An ice beast (D:6)
  A black bear (D:6)
  An ogre (D:5)
  A phantom (D:5)
  2 kobold brigands (Sewer)
  A bullfrog (D:6)
  3 scorpions
  Blork the orc (D:6)
  A necrophage (Sewer)
  A howler monkey (D:6)
  A gnoll bouda (D:5)
  2 jellies
  4 orc priests (D:5)
  3 hounds
  A sleepcap (D:4)
  4 iguanas
  2 orc wizards
  4 gnolls (D:5)
  4 adders
  4 shadow imps
  A white imp (D:6)
  6 ufetubi
  An adder zombie (Sewer)
  2 dart slugs (D:1)
  13 orcs
  4 ball pythons
  4 endoplasms
  6 giant cockroaches
  14 goblins
  11 hobgoblins
  7 quokkas
  3 bats
  7 frilled lizards
  25 kobolds
  A kobold zombie (Sewer)
  7 rats
155 creatures vanquished.

Vanquished Creatures (collateral kills)
  2 orcs (D:5)
2 creatures vanquished.

Vanquished Creatures (others)
  A hound (D:5)
1 creature vanquished.

Grand Total: 158 creatures vanquished

Notes
Turn   | Place    | Note
-------+----------+-------------------------------------------
     0 | D:1      | H0rd4k the Human Artificer began the quest for the Orb.
     0 | D:1      | Reached XP level 1. HP: 15/15 MP: 1/1
   299 | D:1      | Reached skill level 2 in Fighting
   299 | D:1      | Reached XP level 2. HP: 11/22 MP: 2/2
   815 | D:1      | Reached XP level 3. HP: 28/28 MP: 3/3
   944 | D:2      | Reached skill level 3 in Fighting
  1571 | D:2      | Found a blossoming altar of Fedhas.
  1590 | D:2      | Noticed Robin
  1733 | D:2      | Reached XP level 4. HP: 36/37 MP: 4/4
  2016 | D:3      | Reached skill level 4 in Fighting
  2082 | D:3      | Found a white marble altar of Elyvilon.
  2134 | D:3      | Found an opulent altar of Gozag.
  2162 | D:3      | Became a worshipper of Gozag Ym Sagoz the Greedy
  2263 | D:3      | Found a burning altar of Makhleb.
  2269 | D:3      | Found a glowing golden altar of the Shining One.
  2272 | D:3      | Found a sacrificial altar of Ru.
  2939 | D:4      | Reached XP level 5. HP: 35/43 MP: 5/5
  3120 | D:4      | Reached skill level 1 in Short Blades
  3227 | D:4      | Reached skill level 5 in Fighting
  3573 | D:4      | Reached XP level 6. HP: 48/51 MP: 6/6
  4169 | D:5      | Entered Level 5 of the Dungeon
  4204 | D:5      | Reached skill level 6 in Fighting
  4217 | D:5      | Reached XP level 7. HP: 49/58 MP: 7/7
  4284 | D:5      | Found Rodacumo's Distillery.
  4388 | D:5      | Found Adoeczuo's Magic Scroll Boutique.
  4413 | D:5      | Bought a scroll of identify for 26 gold pieces
  4776 | D:5      | Bought a potion of might for 60 gold pieces
  4776 | D:5      | Bought a potion of curing for 45 gold pieces
  4779 | D:5      | Found Omuta's Weapon Shop.
  5011 | D:5      | Reached skill level 5 in Short Blades
  5176 | D:5      | Reached XP level 8. HP: 30/65 MP: 8/8
  5763 | D:6      | Reached skill level 7 in Fighting
  6097 | D:6      | Noticed Blork the orc
  6105 | D:6      | Killed Blork the orc
  6145 | D:6      | Found a staircase to the Ecumenical Temple.
  6294 | D:6      | Found a glowing drain.
  6308 | Sewer    | Entered a sewer
  6596 | Sewer    | Found an ancient bone altar of Kikubaaqudgha.
  6638 | Sewer    | Reached XP level 9. HP: 55/74 MP: 9/9
  6808 | Sewer    | Reached skill level 8 in Fighting
  6879 | Sewer    | Noticed Grinder
  6885 | Sewer    | Paralysed by Grinder for 4 turns
  6898 | Sewer    | Paralysed by Grinder for 4 turns
  6904 | Sewer    | HP: 2/74 [Grinder (7)]
  6904 | Sewer    | Slain by Grinder

Illustrated notes

Levels and vault maps discovered:
D:1:      minmay_arrival_arboretum_small, layout_loops_ring, minivault_25
D:2:      layout_basic, basic_altar, serial_park_tiny_1, uniq_robin
D:3:      layout_basic, elyvilon_altar_4, minmay_overflow_temple_star_quad,
          grunt_gozag_statues
D:4:      layout_basic, minmay_crystal_room, minmay_close_crescents
D:5:      layout_basic, serial_shops, shop_statue,
          nicolae_shop_pleasant_corner_grove, shop
D:6:      minmay_general_purpose_star, layout_rooms, temple_fountains,
          cheibrodos_sewer_entry_drain, uniq_blork_the_orc
Sewer:    kennysheep_sewer_church

Skill      XL: |  1  2  3  4  5  6  7  8  9 |
---------------+----------------------------+-----
Fighting       | 2 3 4 5 6 7 8 |  8.0
Short Blades   | 1 3 5 7 |  7.9
Armour         | |  2.0
Dodging        | |  1.0
Stealth        | |  1.0
Evocations     | |  3.0

Action                     |  1- 3 |  4- 6 |  7- 9 || total
---------------------------+-------+-------+-------++-------
  Melee: Club              |   223 |    40 |       ||   263
         Punch             |     2 |     1 |     4 ||     7
         Short sword       |       |   139 |   292 ||   431
  Evoke: Wand              |     1 |     2 |    14 ||    17
    Use: Potion            |       |       |     3 ||     3
         Scroll            |       |       |     6 ||     6
   Stab: Sleeping          |     1 |     1 |       ||     2
         Distracted        |       |     1 |       ||     1
 Armour: Leather armour    |   166 |   112 |   183 ||   461
  Dodge: Dodged            |   147 |   109 |   138 ||   394
